 Dungeon Crawl Stone Soup version 0.21-a0-426-g98080a9 (webtiles) character file.

51 KristoblXynda the Slasher (level 3, -3/29 HPs)
             Began as a Draconian Gladiator on Nov 7, 2017.
             Slain by an orc
             ... wielding a +0 hand axe
              (8 damage)
             ... on level 2 of the Dungeon.
             The game lasted 00:02:52 (943 turns).

KristoblXynda the Slasher (Draconian Gladiator)      Turns: 943, Time: 00:02:53

Health: -3/29      AC:  5    Str: 16    XL:     3   Next: 57%
Magic:  3/3        EV: 13    Int:  9    God:
Gold:   58         SH:  0    Dex: 12    Spells: 2/2 levels left

rFire    . . .     SeeInvis .   a - +0 long sword
rCold    . . .     Gourm    .   (no shield)
rNeg     . . .     Faith    .   (armour unavailable)
rPois    .         Spirit   .   b - +0 hat
rElec    .         Reflect  .   (no cloak)
rCorr    .         Harm     .   (no gloves)
MR       .....                  (no boots)
Stlth    +.........             (no amulet)
HPRegen  0.09/turn              (no ring)
MPRegen  0.08/turn              (no ring)

@: hasted, very quick
A: unfitting armour, cold-blooded, AC +5
a: no special abilities


You were on level 2 of the Dungeon.
You were not hungry.

You visited 1 branch of the dungeon, and saw 2 of its levels.

You collected 58 gold pieces.

Inventory:

Hand Weapons
 a - a +0 long sword (weapon)
Missiles
 c - 3 throwing nets (quivered)
Armour
 b - a +0 hat (worn)
Jewellery
 g - an uncursed ring of see invisible {unknown}
 h - a +4 amulet of reflection {unknown}
Scrolls
 e - 3 scrolls of identify {unknown}
 f - 2 scrolls of amnesia {unknown}
 i - a scroll of enchant weapon {unknown}
 j - 3 scrolls of teleportation {unknown}
 n - 3 scrolls of magic mapping {unknown}
 o - a scroll of remove curse {unknown}
Comestibles
 d - a bread ration
 k - 2 royal jellies
 l - 2 meat rations


   Skills:
 - Level 2.1 Fighting
 + Level 3.6 Long Blades
 + Level 2.5 Throwing
 + Level 3.2 Dodging


You had 2 spell levels left.
You didn't know any spells.

Dungeon Overview and Level Annotations

Branches:
Dungeon (2/15)

Altars:
Qazlal


Innate Abilities, Weirdness & Mutations

Your plain brown scales are hard. (AC +5)
You cannot fit into any form of body armour.
You are cold-blooded and may be slowed by cold attacks.


Message History

The worm bites you.
* * * LOW HITPOINT WARNING * * *
You hit the worm. You tail-slap the worm.
The worm is moderately wounded.
You slash the worm!
The worm is severely wounded.
The worm misses you.
You hit the worm.
The worm is severely wounded.
You hit the worm.
You kill the worm!
You barely miss the goblin. You tail-slap the goblin.
The goblin is moderately wounded.
You hit the goblin. You tail-slap the goblin.
You kill the goblin!
You closely miss the orc. The orc hits you with a hand axe.
* * * LOW HITPOINT WARNING * * *
You closely miss the orc.
Your tail-slap misses the orc.
The orc hits you with a hand axe!
You die...

...........#.!......!.#
..........o#..........#
.......g....o......(..#
...........#...........
#......%...#..........#
..........#####oo#.###
##.......## #g##.#
#######..####o##.#
##...##@##.#
###..#†##.##
##...†....##
..##.....<....##
#..............#
###............#
#.....†......#
#####...###.##
#E#...#E###


You could see 3 orcs and a hobgoblin.

Vanquished Creatures
  An adder (D:2)
  A worm (D:2)
  2 dart slugs (D:1)
  A leopard gecko (D:1)
  An orc (D:2)
  7 bats
  2 giant cockroaches
  4 goblins
  4 hobgoblins (D:1)
  A frilled lizard (D:1)
  3 kobolds
  6 rats
33 creatures vanquished.

Notes
Turn   | Place    | Note
-------+----------+-------------------------------------------
     0 | D:1      | KristoblXynda the Draconian Gladiator began the quest for the Orb.
     0 | D:1      | Reached XP level 1. HP: 17/17 MP: 1/1
   132 | D:1      | Reached XP level 2. HP: 9/24 MP: 2/2
   691 | D:1      | Reached XP level 3. HP: 29/29 MP: 3/3
   874 | D:2      | Found a stormy altar of Qazlal.
   877 | D:2      | Noticed a water elemental
   877 | D:2      | Noticed an earth elemental
   878 | D:2      | Noticed a fire elemental
   878 | D:2      | Noticed an air elemental
   943 | D:2      | Slain by an orc

Vault maps used:
D:1:      roderic_dead_forest, minmay_misc_feat_pillars, st_stairs_1
D:2:      lemuel_crystal_altar, nicolae_qazlal_style_of_elements,
          uniq_crazy_yiuf_cottage, uniq_terence

Skill      XL: |  1  2 |
---------------+-------+-----
Throwing       | 2 |  2.5
Dodging        | 3 |  3.2
Fighting       | |  2.1
Long Blades    | |  3.6

Action                   || total
-------------------------++-------
Melee: Long sword        ||    96
       Tailslap          ||    18
  Use: Potion            ||     1
 Stab: Distracted        ||     1
       Sleeping          ||     2
Armor: Skin              ||    41
Dodge: Dodged            ||    68
       Rpst.: Long sword ||    16

Table legend:
 A = Spawn XP
 B = Non-spawn XP
 C = Spawn XP percentage of total XP
 D = Spawn monster count
 E = Non-spawn monster count
 F = Spawn count percentage of total count
 G = Total turns spent on level
                    A         B        C        D         E        F      G
               +---------+---------+-------+---------+---------+-------+---------
         Total |       0 |      73 |   0.0 |       0 |      33 |   0.0 |   943
               +---------+---------+-------+---------+---------+-------+---------
           D:1 |       0 |      43 |   0.0 |       0 |      24 |   0.0 |   865
           D:2 |       0 |      30 |   0.0 |       0 |       9 |   0.0 |    78
               +---------+---------+-------+---------+---------+-------+---------
